Map: Submarine LE

Players

prospeKt

  • Race: Zerg Zerg
  • League: Platinum
  • Spawn Location: 5:00

Vortexlight - Winner!

  • Race: Terran Terran
  • Spawn Location: 11:00

VOD

Have the link to the VOD?

Description

Time

  • Played on: June 11, 2020, 9:52 a.m.
  • Length: 21:03
Show
View Real Time Build Order
Export as new Build Order

prospeKt Zerg 

Build Orders: Hatch First 

Get SALT Encoding   

  12  0:01  Drone  
  13  0:12  Overlord  
  13  0:18  Drone  
  14  0:31  Drone x2  
  14  0:35  Drone  
  17  0:52  Hatchery  
  17  0:55  Drone  
  17  0:59  Drone  
  18  1:14  Spawning Pool  
  18  1:15  Drone  
  18  1:27  Drone  
  18  1:31  Drone, Extractor  
  19  1:40  Drone  
  20  1:54  Overlord  
  20  2:04  Queen x2  
  20  2:05  Drone x2  
  26  2:15  Drone x2  
  28  2:26  Drone  
  28  2:27  Drone  
  30  2:34  Overlord  
  30  2:39  Queen, Drone  
  30  2:44  Lair  
  32  2:46  Drone  
  33  2:56  Zergling x4  
  35  2:59  Drone  
  35  3:04  Overlord  
  36  3:26  Drone x7  
  43  3:32  Drone  
  43  3:33  Overlord  
  44  3:38  Hatchery  
  43  3:43  Roach Warren  
  42  3:51  Evolution Chamber, Drone x3  
  42  3:52  Drone x3  
  47  3:58  Drone  
  48  4:16  Drone x4  
  52  4:18  Overlord x2  
  52  4:23  Zerg Missile Weapons Level 1, Extractor, Glial Reconstitution  
  51  4:26  Drone  
  51  4:29  Extractor  
  51  4:34  Drone  
  51  4:38  Roach x4  
  60  4:42  Roach  
  61  4:50  Evolution Chamber  
  61  4:51  Evolution Chamber  
  59  4:58  Roach x2  
  63  5:11  Roach  
  65  5:14  Overlord  
  65  5:15  Drone  
  65  5:16  Drone x6  
  71  5:56  Drone x4  
  62  6:14  Spore Crawler  
  60  6:19  Drone  
  60  6:20  Drone x11  
  60  6:21  Hydralisk Den  
  71  6:37  Drone  
  71  6:38  Drone x2  
  74  6:42  Extractor  
  74  6:46  Extractor  
  74  6:47  Roach x6  
  79  7:07  Grooved Spines, Extractor  
  77  7:09  Overlord x3  
  59  7:24  Hydralisk  
  59  7:25  Roach  
  59  7:26  Roach x2  
  58  7:31  Roach  
  58  7:33  Hatchery  
  56  7:54  Hydralisk x4  
  63  7:59  Roach  
  63  8:00  Zergling x2  
  66  8:08  Roach x2  
  70  8:16  Roach x3  
  74  8:28  Hydralisk  
  74  8:29  Hydralisk x3  
  82  8:44  Roach x2  
  86  8:56  Hatchery, Hydralisk x4  
  86  8:58  Hatchery  
  86  9:02  Hatchery  
  74  9:13  Hydralisk  
  74  9:14  Hydralisk x4  
  64  9:23  Drone  
  64  9:24  Drone  
  60  9:27  Queen  
  62  9:32  Overseer  
  62  9:33  Overseer  
  62  9:36  Hydralisk x3  
  68  9:39  Roach  
  68  9:43  Drone  
  71  9:59  Drone x4  
  77  10:00  Drone x2  
  72  10:22  Drone  
  72  10:23  Drone x6  
  72  10:26  Spine Crawler  
  78  10:29  Drone  
  78  10:30  Drone x4  
  83  10:38  Spore Crawler  
  83  10:40  Hydralisk  
  83  10:41  Hydralisk x4  
  83  10:42  Spine Crawler  
  91  10:51  Roach x3, Extractor  
  91  10:53  Extractor  
  91  10:55  Muscular Augments  
  95  11:02  Drone x9  
  104  11:08  Extractor  
  104  11:09  Hydralisk x2  
  107  11:12  Drone, Extractor  
  107  11:15  Drone x3  
  110  11:26  Roach x4  
  110  11:27  Overlord  
  118  11:38  Overlord x2  
  118  11:50  Roach x4  
  110  12:08  Roach x3  
  110  12:09  Roach x10  
  110  12:10  Drone x3  
  131  12:21  Drone x4  
  131  12:22  Drone x4  
  139  12:45  Overlord x3  
  139  12:47  Zerg Missile Weapons Level 2  
  139  12:48  Zerg Ground Armor Level 1  
  139  12:52  Infestation Pit  
  139  12:55  Drone x4  
  134  13:06  Spore Crawler  
  134  13:09  Spine Crawler  
  128  13:19  Drone x7  
  135  13:20  Drone x6  
  135  13:21  Hydralisk x3, Drone  
  148  13:28  Queen  
  148  13:32  Spine Crawler  
  149  13:35  Spine Crawler x2, Spore Crawler  
  146  13:55  Hydralisk x5  
  146  13:56  Hatchery, Hydralisk x5  
  146  13:57  Overlord x2  
  165  14:08  Hive  
  165  14:12  Lurker Den, Hydralisk  
  166  14:34  Spore Crawler, Hydralisk  
  166  14:35  Hydralisk x7  
  166  14:36  Spore Crawler  
  166  14:38  Overlord x3  
  180  14:44  Spore Crawler  
  177  14:57  Hydralisk x7  
  177  14:58  Hydralisk x3  
  187  15:21  Roach x6  
  199  15:24  Adaptive Talons  
  199  15:29  Lurker  
  124  16:12  Hydralisk x13  
  140  16:21  Seismic Spines  
  129  16:26  Hydralisk  
  129  16:27  Hydralisk x13  
  146  16:34  Lurker x8  
  154  16:43  Hydralisk x5  
  131  16:57  Hydralisk x4  
  131  16:59  Roach x3  
  103  17:13  Roach x8, Extractor  
  103  17:14  Extractor  
  104  17:26  Roach x5  
  108  17:36  Hydralisk  
  102  17:37  Hydralisk x4  
  106  17:51  Hydralisk  
  106  17:52  Hydralisk x4  
  116  18:04  Lurker x3  
  86  18:30  Hatchery  
  70  18:59  Hydralisk x6  
  70  19:15  Swarm Host  
  61  19:59  Drone x9  
  70  20:30  Hydralisk x2  
  74  20:36  Hatchery  
  73  20:49  Extractor  
Show
View Real Time Build Order
Export as new Build Order

Vortexlight Terran - Winner!

Build Orders:  

Get SALT Encoding   

  12  0:01  SCV  
  13  0:18  SCV, Supply Depot  
  14  0:30  SCV  
  15  0:41  Barracks  
  15  0:43  SCV  
  16  0:55  SCV  
  16  0:56  Refinery  
  17  1:07  SCV  
  18  1:19  SCV  
  19  1:31  SCV, Marine  
  21  1:35  Command Center  
  21  1:50  Barracks Reactor  
  21  1:55  Orbital Command  
  21  2:02  Supply Depot  
  21  2:09  Bunker  
  21  2:20  SCV  
  22  2:27  Factory  
  22  2:28  Marine  
  22  2:29  Marine  
  23  2:32  SCV  
  25  2:44  Supply Depot  
  25  2:50  Refinery  
  24  2:55  Marine x2  
  26  2:58  Orbital Command  
  26  3:05  SCV  
  27  3:13  Reaper x2  
  27  3:17  SCV, Factory Tech Lab  
  30  3:23  Barracks  
  30  3:25  SCV  
  31  3:29  SCV  
  32  3:37  SCV  
  32  3:40  Factory  
  33  3:43  Hellion  
  35  3:48  Reaper  
  35  3:52  SCV  
  35  3:53  SCV  
  38  4:04  SCV, Hellion  
  38  4:05  SCV  
  38  4:08  Reaper  
  43  4:10  Barracks Tech Lab  
  43  4:16  SCV  
  44  4:18  Supply Depot  
  44  4:25  Factory Reactor  
  44  4:26  Hellion  
  46  4:40  Supply Depot  
  46  4:51  Marine x3  
  51  4:55  Siege Tank  
  51  4:58  Starport  
  52  5:03  SCV, Supply Depot  
  52  5:04  SCV  
  54  5:09  Marine x2  
  56  5:15  SCV  
  56  5:16  SCV  
  58  5:28  SCV  
  59  5:31  Marine x3  
  59  5:32  Siege Tank  
  59  5:34  Hellion x2  
  69  5:40  SCV  
  70  5:49  Marine x2  
  69  6:00  Marine  
  66  6:05  Supply Depot  
  66  6:07  Starport Reactor, Marine x2  
  66  6:08  Armory  
  66  6:09  Hellion  
  66  6:10  Hellion  
  72  6:18  Marine  
  73  6:24  Marine  
  73  6:25  Marine  
  72  6:29  Siege Tank  
  75  6:35  Marine  
  75  6:39  Command Center  
  76  6:42  Marine x2  
  76  6:54  Marauder  
  78  7:00  Marine x2  
  76  7:11  Siege Tank  
  76  7:13  Hellion x2  
  76  7:15  Marine  
  84  7:18  Marine x2  
  75  7:32  Marine  
  75  7:34  Hellion x2  
  75  7:36  Marine x2  
  75  7:43  Siege Tank  
  78  7:46  Medivac, Barracks  
  78  7:47  Medivac  
  78  7:50  Marine  
  83  7:51  Orbital Command  
  83  7:53  Marine  
  83  7:54  Refinery, Marine  
  83  7:56  Refinery  
  83  7:57  Refinery  
  85  7:59  SCV x2  
  87  8:08  Marine  
  87  8:11  Marine x2  
  90  8:26  Marine  
  83  8:44  Marauder  
  85  9:05  Marine  
  85  9:06  Marauder, Marine  
  78  9:12  Barracks Reactor  
  78  9:13  Siege Tank  
  78  9:14  Engineering Bay  
  78  9:16  Hellion x2  
  71  9:23  Marine  
  71  9:24  Marine  
  66  9:27  Marauder  
  66  9:33  SCV  
  66  9:35  SCV x2  
  66  9:37  Medivac x2, Hellion  
  66  9:38  Hellion  
  77  9:41  Marine x2  
  77  9:45  SCV, Siege Tank  
  83  9:47  SCV x2  
  83  9:48  Marauder  
  83  9:50  Barracks  
  87  9:56  Marine x2, Barracks  
  87  9:57  SCV  
  87  9:59  SCV x2, Marine x2  
  94  10:07  Medivac x2  
  94  10:09  SCV  
  94  10:10  Marauder  
  88  10:14  Marine x2  
  88  10:17  Marine x2  
  88  10:21  SCV  
  93  10:31  Marine  
  93  10:32  Marine  
  95  10:41  Siege Tank  
  98  10:43  Hellion  
  98  10:49  SCV, Hellion, Marauder  
  105  10:51  Refinery  
  105  10:52  Barracks Tech Lab  
  105  10:53  Barracks Reactor  
  105  10:58  Supply Depot  
  105  11:01  SCV  
  106  11:05  Marine x4  
  106  11:06  Command Center  
  106  11:10  Stimpack, Marauder  
  112  11:12  Supply Depot  
  112  11:13  Siege Tank  
  115  11:21  Supply Depot  
  115  11:23  Marine x4  
  119  11:32  Marauder  
  121  11:40  Marine  
  121  11:44  Terran Infantry Weapons Level 1  
  121  11:46  Terran Vehicle And Ship Armor Level 1  
  122  11:48  Medivac x2  
  122  11:49  Command Center  
  122  11:53  Marauder  
  128  12:07  Marauder, Marine x2  
  128  12:08  Marine x4  
  109  12:14  Marauder  
  97  12:18  Medivac x2  
  97  12:19  Siege Tank  
  104  12:25  Marine x3  
  104  12:26  Marine x3  
  104  12:28  Factory Tech Lab  
  104  12:29  Marauder  
  112  12:34  Barracks  
  112  12:35  Refinery  
  112  12:36  Marauder  
  114  12:43  Marine x4  
  114  12:44  Marine x2  
  119  12:47  Liberator  
  119  12:48  Liberator  
  119  12:50  Marauder  
  130  12:51  Siege Tank  
  130  12:57  Marauder  
  129  13:01  Marine x4  
  133  13:11  Marauder  
  134  13:16  Marine  
  134  13:17  Marine  
  134  13:18  Marine  
  134  13:19  Planetary Fortress, Marauder, Marine x3  
  142  13:33  Marauder  
  144  13:34  Marine x2  
  144  13:36  Marine  
  144  13:39  Terran Infantry Armor Level 1  
  144  13:40  Marauder, Command Center  
  144  13:41  Supply Depot  
  149  13:54  Marauder  
  151  13:57  Terran Vehicle Weapons Level 1  
  151  14:01  Marauder  
  153  14:03  Supply Depot  
  153  14:07  Siege Tank  
  153  14:08  Siege Tank  
  159  14:10  Marine x2  
  159  14:16  Marauder  
  163  14:23  Marauder  
  165  14:37  Marauder  
  167  14:39  Siege Tank  
  167  14:40  Siege Tank  
  167  14:42  Marine x2  
  167  14:43  Marine x4  
  167  14:44  Marauder  
  181  14:49  SCV  
  182  14:58  Marauder  
  180  15:00  Marine x2  
  180  15:01  SCV  
  180  15:06  Marauder  
  185  15:13  SCV  
  186  15:16  Marine  
  186  15:17  Marine x3  
  186  15:18  Marine x2  
  186  15:20  Marauder  
  194  15:26  Supply Depot  
  194  15:27  Marauder  
  196  15:31  SCV  
  196  15:32  Refinery, Terran Infantry Weapons Level 2  
  196  15:34  Marine x2  
  196  15:35  Marine  
  200  15:44  Refinery  
  200  15:47  Refinery  
  200  15:48  Supply Depot  
  173  16:28  Siege Tank x2  
  173  16:30  Marauder x2  
  173  16:31  Marine x4  
  184  16:51  Marauder x2  
  184  17:00  Siege Tank  
  184  17:01  Marine x6, Siege Tank  
  159  17:13  Marauder x2  
  161  17:19  Marine x6  
  159  17:32  Siege Tank  
  159  17:33  Siege Tank  
  159  17:34  Marauder x2  
  159  17:36  Marine  
  159  17:37  Marine x5  
  162  17:54  Marine x3  
  162  17:55  Marauder, Marine x3  
  162  17:56  Marauder  
  168  18:05  Siege Tank  
  170  18:12  Marine x4  
  170  18:13  Marine x2  
  170  18:17  Marauder x2  
  173  18:30  Marine x3  
  176  18:38  Marauder x2  
  150  19:00  Marauder x2  
  140  19:07  Marine x3  
  140  19:08  Marine x3  
  135  19:15  Thor  
  135  19:16  Thor  
  147  19:21  Marauder x2  
  143  19:25  Medivac x2, Marine x3  
  150  19:31  Planetary Fortress  
  150  19:32  Refinery  
  150  19:35  Marine x3  
  137  19:40  Barracks  
  137  19:42  SCV, Marauder x2  
  137  19:43  Marine x3  
  111  19:53  Marine x3  
  111  19:54  SCV  
  111  19:55  Medivac x2  
  111  19:58  Siege Tank  
  111  19:59  Siege Tank  
  122  20:01  Marine x3  
  122  20:04  Marauder x2  
  129  20:11  Marine x3  
  132  20:23  Marine x3  
  132  20:25  Marauder x2  
  145  20:28  Marine  
  145  20:29  Marine x2  
  148  20:41  Marine x3  
Tags
 
League
Platinum
Matchup
TvZ
Spawn Locations
Cross Positions
Add a new tag
Caveats
  • Supply blocks, unpowered buildings, or Contaminate may cause inaccurate times.
  • Supply counts are checked every 10 seconds.